 Dungeon Sprint DCSS version 0.28-a0-664-gc179e30c89 (webtiles) character file.

Game seed: 14124789217967133409

864 iamoutofideas the Thaumaturge (level 7, -2/36 HPs)
             Began as a Deep Elf Fire Elementalist on Oct 15, 2021.
             Was an Initiate of Vehumet.
             Slain by a human (9 damage)
             ... in the Dungeon (Sprint III: "The Ten Rune Challenge").
             The game lasted 00:02:54 (1114 turns).

iamoutofideas the Thaumaturge (DEFE)                Turns: 1114, Time: 00:02:54

Health: -2/36      AC:  4    Str:  3    XL:     7   Next: 72%
Magic:  19/26      EV: 14    Int: 22    God:    Vehumet [......]
Gold:   19         SH:  0    Dex: 15    Spells: 19/33 levels left

rFire   . . .      SeeInvis .   (no weapon)
rCold   . . .      Faith    .   (no shield)
rNeg    . . .      Spirit   .   a - +0 robe
rPois   .          Reflect  .   (no helmet)
rElec   .          Harm     .   (no cloak)
rCorr   .          Rampage  .   (no gloves)
Will    .....      NoTele   +   (no boots)
Stlth   ++........              (no amulet)
HPRegen 0.12/turn               (no ring)
MPRegen 0.20/turn               (no ring)

@: no status effects
A: iridescent scales 1, mutation resistance 1, weak 1
a: Renounce Religion


You were in the Dungeon.
You worshipped Vehumet.
Vehumet was noncommittal.
You visited 1 branch You collected 19 gold pieces.

Inventory:

Armour
 a - a +0 robe (worn)
Wands
 k - a wand of paralysis (10)
Scrolls
 b - 2 scrolls of torment {unknown}
 g - a scroll of blinking
 h - 3 scrolls of identify
Potions
 c - a potion of heal wounds
 d - a potion of haste
 e - 2 potions of magic
 f - a potion of berserk rage
 i - 4 potions of flight
 j - 4 potions of mutation
 l - a potion of curing


   Skills:
 + Level 6.0 Dodging
 - Level 2.4 Stealth
 * Level 13.9 Spellcasting
 + Level 5.8 Conjurations
 + Level 12.7 Fire Magic


You had 19 spell levels left.
You knew the following spells:

 Your Spells              Type           Power      Damage    Failure   Level
a - Foxfire               Conj/Fire      100%       2x1d9     1%          1
b - Scorch                Fire           100%       2d10      1%          2
c - Conjure Flame         Conj/Fire      54%        6-21      1%          3
d - Flame Wave            Conj/Fire      54%        3d10      1%          4
e - Sticky Flame          Conj/Fire      54%        2d7       1%          4

Your spell library contained the following spells:

 Spells                   Type           Power      Damage    Failure   Level
 Static Discharge         Conj/Air       28%        N/A       1%          2
 Inner Flame              Hex/Fire       43%        N/A       1%          3
 Dazzling Flash           Conj/Hex       56%        N/A       3%          3
 Iskenderun's Mystic Bla  Conj/Tloc      28%        2d7       12%         4
 Starburst                Conj/Fire      27%        6d9       14%         6
 Dispel Undead            Necr           15%        3d10      38%         4


Dungeon Overview and Level Annotations

Branches:
Dungeon (1/1)

Altars:
Dithmenos
Elyvilon
Kikubaaqudgha
Okawaru
Ru
Sif Muna
Trog
Uskayaw
Vehumet
Wu Jian
Yredelemnul
Zin
The Shining One
Beogh


Innate Abilities, Weirdness & Mutations

You are partially covered in iridescent scales. (AC +2)
You are somewhat resistant to further mutation.
You are weak. (Str -2)


Message History

You are covered in liquid flames!
l - a potion of curing You see here a +2 long sword of holy wrath.
You start resting.
Magic restored.
You start resting.
There is an open door here.
Okay, then.
You start resting.
HP restored.
You open the door. 2 humans come into view.
The human shouts! x2
The human drinks a potion.
The human goes berserk!
Found a dagger and a leather armour.
Found five altars.
The human hits you!
There is an open door here.
Casting: Flame Wave (dangerous; 1% risk of failure)
Confirm with . or Enter, or press ? or * to list all spells.
Casting: Flame Wave (dangerous; 1% risk of failure)
Press: ? - help, Dir - look around, f - activate A wave of flame ripples out!
The flame wave engulfs the human!!
The human is heavily wounded. (Press . to intensify the flame waves.)
The human hits you! The human closely misses you.
Unknown command.
Unknown command.
A wave of flame ripples out!
The flame wave engulfs the human!
The human is moderately wounded.
The flame wave engulfs the human!
You kill the human!
Vehumet accepts your kill. The human misses you.
Your Dodging skill increases to level 6!
A wave of flame ripples out!
The flame wave engulfs the human!!
The human is heavily wounded.
You finish channelling waves of flame.
The human hits you!
* * * LOW HITPOINT WARNING * * *
The human hits you!
You die...

▓▓▓▓▓ ▓▓▓ ....♣♣♣
♣.############ ....♣.♣
♣.#___#___#__# ....♣.♣
♣.#.).#p_)#._#
....≈.♣♣♣♣.###'#@###÷##
...≈≈♣.♣♣..#..........#
..≈≈≈≈♣.♣♣.'.§........#
..≈≈≈≈≈≈.♣.#)..######+#
.≈≈≈≈≈≈....#.⌠.#
.≈≈≈≈≈.....#...#
.≈≈≈.......#)###
...........#...#
...........#___#


You could see a human (berserk).

Vanquished Creatures
  A deep elf pyromancer (D)
  A necrophage (D)
  A water elemental (D)
  A scorpion (D)
  A wizard (D)
  A necromancer (D)
  2 humans (D)
  A kobold demonologist (D)
  4 rats (D)
13 creatures vanquished.

Vanquished Creatures (others)
  30 foxfires (D)
30 creatures vanquished.

Grand Total: 43 creatures vanquished

Notes
Turn   | Place    | Note
-------+----------+-------------------------------------------
     0 | D        | iamoutofideas the Deep Elf Fire Elementalist began the
                  | quest for the Orb.
     0 | D        | Reached XP level 1. HP: 10/10 MP: 6/6
    96 | D        | Reached skill level 4 in Spellcasting
    96 | D        | Reached skill level 5 in Fire Magic
    96 | D        | Reached XP level 2. HP: 2/15 MP: 0/9
   343 | D        | Learned a level 2 spell: Scorch
   355 | D        | Noticed a scorpion
   363 | D        | Killed a scorpion
   364 | D        | Reached skill level 5 in Spellcasting
   364 | D        | Reached XP level 3. HP: 12/19 MP: 4/12
   364 | D        | Reached XP level 4. HP: 16/24 MP: 4/13
   478 | D        | Gained mutation: You are weak. (Str -2) [potion of
                  | mutation]
   478 | D        | Gained mutation: You are partially covered in iridescent
                  | scales. (AC +2) [potion of mutation]
   478 | D        | Gained mutation: You are somewhat resistant to further
                  | mutation. [potion of mutation]
   493 | D        | Learned a level 3 spell: Conjure Flame
   498 | D        | Learned a level 4 spell: Flame Wave
   501 | D        | Noticed a water elemental
   510 | D        | Killed a water elemental
   511 | D        | Reached skill level 7 in Spellcasting
   752 | D        | Found a basalt altar of Yredelemnul.
   752 | D        | Found a shadowy altar of Dithmenos.
   752 | D        | Found a sacrificial altar of Ru.
   752 | D        | Noticed a necrophage
   755 | D        | Reached skill level 8 in Spellcasting
   755 | D        | Reached XP level 5. HP: 14/28 MP: 10/17
   755 | D        | Killed a necrophage
   756 | D        | Reached skill level 9 in Spellcasting
   909 | D        | Found a radiant altar of Vehumet.
   909 | D        | Found a shimmering blue altar of Sif Muna.
   909 | D        | Found an ancient bone altar of Kikubaaqudgha.
   913 | D        | Reached skill level 5 in Dodging
   913 | D        | Reached skill level 10 in Spellcasting
   913 | D        | Reached skill level 10 in Fire Magic
   913 | D        | Reached XP level 6. HP: 32/32 MP: 15/21
   924 | D        | Became a worshipper of Vehumet
   930 | D        | Learned a level 4 spell: Sticky Flame
   947 | D        | Found a glowing silver altar of Zin.
   947 | D        | Found a glowing golden altar of the Shining One.
   947 | D        | Found a white marble altar of Elyvilon.
   948 | D        | Noticed a deep elf pyromancer
   952 | D        | Killed a deep elf pyromancer
   953 | D        | Reached skill level 13 in Spellcasting
   953 | D        | Reached skill level 5 in Conjurations
   953 | D        | Reached XP level 7. HP: 27/36 MP: 11/25
  1110 | D        | Found a hide-covered altar of Uskayaw.
  1110 | D        | Found an iron altar of Okawaru.
  1110 | D        | Found a bloodstained altar of Trog.
  1110 | D        | Found an ornate altar of the Wu Jian Council.
  1110 | D        | Noticed a human
  1110 | D        | Noticed a human
  1113 | D        | Killed a human
  1114 | D        | Slain by a human

Illustrated notes

Levels and vault maps discovered:
D:        dungeon_sprint_mu [sprint_mu_entry_forest, sprint_mu_temple_rooms,
          sprint_mu_d1_spiders, sprint_mu_d2_genie, sprint_mu_d3_branching,
          sprint_mu_orc_legion, sprint_mu_elf_gauntlet, sprint_mu_hive_nellie,
          sprint_mu_lair_fedhas, sprint_mu_vaults_butterflies,
          sprint_mu_slime_circle, sprint_mu_swamp_cave, sprint_mu_snake_twists,
          sprint_mu_blade_basic, sprint_mu_crypt_lich, sprint_mu_tomb_spiral,
          sprint_mu_vestibule_basic, sprint_mu_gehenna_hellfire,
          sprint_mu_dis_giant, sprint_mu_tartarus_statrot,
          sprint_mu_cocytus_islands, sprint_mu_zot1]

Skill      XL: |  1  2  3  4  5  6  7 |
---------------+----------------------+-----
Fire Magic     | 5 7 8 10 12 | 12.7
Dodging        | 3 4 5 6 |  6.0
Spellcasting   | 4 5 8 10 13 | 13.9
Conjurations   | 2 3 4 5 |  5.8
Stealth        | |  2.4

Action                   |  1- 3 |  4- 6 |  7- 9 || total
-------------------------+-------+-------+-------++-------
 Cast: Foxfire           |    16 |     2 |       ||    18
       Scorch            |     1 |     2 |       ||     3
       Flame Wave        |       |     4 |     1 ||     5
  Use: Potion            |     1 |     1 |       ||     2
Armor: Robe              |       |     1 |       ||     1
Dodge: Dodged            |     5 |     1 |     2 ||     8

Table legend: (Time is in decaauts)
 A = Elapsed time spent in this place.
 B = Non-inter-level travel time spent in this place.
 C = Inter-level travel time spent in this place.
 D = Time resting spent in this place.
 E = Time spent auto-exploring this place.
 F = Levels seen in this place.
 G = Mean time per level.
                   A        B        C        D        E       F      G
               +--------+--------+--------+--------+--------+-----+--------+
         Total |   1116 |   1116 |      0 |    906 |      0 |   1 | 1116.0 |
       Dungeon |   1116 |   1116 |      0 |    906 |      0 |   1 | 1116.0 |
               +--------+--------+--------+--------+--------+-----+--------+

Top non-repeatable levels by time:
       D: 1116 daAuts
